 Dungeon Crawl Stone Soup version 0.25.1-8-g42b30a86e7 (webtiles) character file.

Game seed: 9652571247015525183

31 Gabide the Ducker (level 3, 0/16 HPs)
             Began as a Felid Berserker on Dec 3, 2020.
             Was a Believer of Trog.
             Succumbed to a hobgoblin's poison
             ... on level 2 of the Dungeon.
             The game lasted 00:04:16 (1016 turns).

Gabide the Ducker (Felid Berserker)                 Turns: 1016, Time: 00:04:16

Health: 0/16       AC:  3    Str: 13    XL:     3   Next: 7%
Magic:  4/4        EV: 19    Int:  8    God:    Trog [**....]
Gold:   155        SH:  5    Dex: 16    Spells: 2/2 levels left
                                        Lives:  0   Deaths: 0

rFire    + . .     SeeInvis +     - Unarmed
rCold    + . .     Gourm    .   (shield unavailable)
rNeg     . . .     Faith    .   (armour unavailable)
rPois    +         Spirit   .   (helmet unavailable)
rElec    +         Reflect  +   (cloak unavailable)
rCorr    +         Harm     .   (gloves unavailable)
MR       .....                  (boots unavailable)
Stlth    ++........             c - amulet of reflection
HPRegen  0.05/turn              (no ring)
MPRegen  0.09/turn              (no ring)

@: brilliant, lethally poisoned (0 -> -6), resistant, stab, quick
A: very small, no armour, no weapons or thrown items, stealth, claws 1, fangs 3,
rugged brown scales 2, see invisible, carnivore, speed 1, frail 1, shaggy fur 1,
slow metabolism 1, sharp paws
a: Berserk, Trog's Hand, Renounce Religion


You were on level 2 of the Dungeon.
You worshipped Trog.
Trog was pleased with you.
You were completely stuffed.

You visited 1 branch of the dungeon, and saw 2 of its levels.

You collected 155 gold pieces.

Inventory:

Jewellery
 c - an amulet of reflection (around neck)
Scrolls
 d - 2 scrolls of remove curse
 i - a scroll of enchant armour {unknown}
Comestibles
 a - 4 rations
 g - 9 chunks of flesh


   Skills:
 + Level 3.5 Fighting
 * Level 4.2 Dodging
 + Level 1.0 Stealth
 * Level 3.5 Unarmed Combat


You had 2 spell levels left.
You didn't know any spells.
Your spell library was empty.

Dungeon Overview and Level Annotations

Branches:
Dungeon (2/15)

Altars:
The Shining One


Innate Abilities, Weirdness & Mutations

You cannot wear armour.
You are incapable of wielding weapons or throwing items.
Your paws allow you to move quietly. (Stealth)
You have sharp claws.
You have razor-sharp teeth.
You have supernaturally acute eyesight. (SInv)
You are carnivorous and can eat meat at any time.
You cover ground quickly.
You are covered in fur. (AC +1)
You have a slow metabolism.
Your sharp claws are effective at attacking unaware monsters.
You are mostly covered in rugged brown scales. (AC +2, +5% HP)
You are frail. (-10% HP)


Message History

You feel sick. The frilled lizard misses you.
You barely miss the frilled lizard. You barely miss the frilled lizard.
* * * LOW HITPOINT WARNING * * *
You feel sick. The frilled lizard bites you.
* * * LOW HITPOINT WARNING * * *
You claw the frilled lizard!
You kill the frilled lizard!
Trog accepts your kill.
It was a potion of stabbing.
You feel ready to backstab.
* * * LOW HITPOINT WARNING * * *
You feel sick.
It was a potion of brilliance.
You feel clever all of a sudden.
It was a potion of mutation.
You feel extremely strange.
Rugged brown scales grow over part of your body.
You feel frail.
Rugged brown scales spread over more of your body.
You die...

#####..รท........
###.............##
#....##.........#
#....##.........#
#....##.........#
#....##.........#
#(...#############
#######(...#
#........
.......@...#
#........
......)....#
#...(....
...........#
#........
.........(.#
#########
...........#
.......##+##
....... .......


There were no monsters in sight!

Vanquished Creatures
  3 dart slugs (D:1)
  2 leopard geckos
  A goblin (D:2)
  2 hobgoblins (D:2)
  2 jackals (D:2)
  4 bats
  2 frilled lizards
  5 kobolds
  2 rats
23 creatures vanquished.

Notes
Turn   | Place    | Note
-------+----------+-------------------------------------------
     0 | D:1      | Gabide the Felid Berserker began the quest for the Orb.
     0 | D:1      | Reached XP level 1. HP: 10/10 MP: 2/2
   358 | D:1      | Reached XP level 2. HP: 14/14 MP: 3/3
   683 | D:1      | Found a glowing golden altar of the Shining One.
   959 | D:2      | Reached ** piety under Trog
   959 | D:2      | Reached skill level 1 in Stealth
   962 | D:2      | Reached XP level 3. HP: 16/17 MP: 4/4
  1016 | D:2      | Gained mutation: You are partially covered in rugged brown
                  | scales. (AC +1, +3% HP) [potion of mutation]
  1016 | D:2      | Gained mutation: You are frail. (-10% HP) [potion of
                  | mutation]
  1016 | D:2      | Gained mutation: You are mostly covered in rugged brown
                  | scales. (AC +2, +5% HP) [potion of mutation]
  1016 | D:2      | Succumbed to a hobgoblin's poison

Illustrated notes

Levels and vault maps discovered:
D:1:      nzn_arrival_depleted_hourglass, layout_basic, nrook_mini_backslash,
          tso_altar
D:2:      layout_basic, marbit_many_paths, chequers_ecumenical_altar_simple

Skill      XL: |  1  2 |
---------------+-------+-----
Stealth        | 1 |  1.0
Fighting       | |  3.5
Dodging        | |  4.2
Unarmed Combat | |  3.5

Action                   || total
-------------------------++-------
Melee: Unarmed           ||    47
       Bite              ||     3
  Use: Scroll            ||     5
       Potion            ||     4
 Stab: Sleeping          ||     4
  Eat: Chunk             ||     7
Armor: Skin              ||     1
Dodge: Dodged            ||    33
Block: Other             ||     4
       Reflection        ||     1
